AoeStats
← BNNAM

Arabia

510310526Analyzed
1v1 RM · 2d ago on Sep 30, 2026· 47m 15s· 2 players
Game mode
Random Map
Map size
Tiny (2 player)
Population
200
Speed
Normal
Resources
Standard
Victory
Conquest
Starting age
Dark Age
Ending age
Imperial Age
RankedLock teamsTeams togetherTeam positionsShared explorationLock speedFull tech treeHidden civsTurbo modeCheats
Victory
Defeat
🇨🇳 Danes · China
763
+15
🇨🇳 Berbers · China
732
-36
944475947
10:54 Feudal Age
21:09 Double-Bit Axe
29:02 Castle Age
BNNAM
9:19 Feudal Age
9:01 Loom
21:08 Castle Age
20:30 Double-Bit Axe
29:01 Horse Collar
36:42 Wheelbarrow
35:52 Town Watch
36:52 Gold Mining
39:37 Bow Saw
41:18 Heavy Plow
43:12 Hand Cart
43:16 Murder Holes
43:46 Elite Skirmisher
44:34 Fletching
44:45 Padded Archer Armor
46:18 Bodkin Arrow
Connection lost

Rejoining the realm…

Still unreachable

The connection could not be restored.

Session expired

The server has moved on; the page needs a fresh start.